Cogmind - Beta 17 @@@ ROGUE MODE // 2026.07.03 @ 13:30:56 // Winter2019/RPGLIKE Player: Gallgagger Result: Destroyed by Triborg with Siege Cannon Performance ------------- Evolutions (0) 0 Regions Visited (4) 800 Robots Destroyed (60) 300 Value Destroyed (2327) 2327 Prototype IDs (9) 180 Alien Tech Used (0) 0 Bonus (9861) 9861 TOTAL SCORE: 13468 Bonus ------- High Alert Combat Kills 64 Follower Combat Kills 1289 Prayed to X0-1V1 5000 Major X0-1V1 Interference 3600 Friendly Fire -92 Cogmind --------- Core Integrity 0/850 Matter 300/300 Energy 1162/1450 System Corruption 8% Temperature Cool (0) Movement Hovering (250) Ox3 Location -9/Scraptown Parts ------- > --- POWER (1) -------- Ion Engine (fused) > --- PROPULSION (3) --- VSS Leg (fused) Improved Hover Unit > --- UTILITY (6) ------ Advanced Force Booster (fused) Experimental Cloaking Device (fused) Wyrmscale Wyrmscale Wyrmscale Thermal Barrier (fused) > --- WEAPON (2) ------- Enhanced Coil Gun (fused) CPS Tube > --- INVENTORY (3) ---- Protomatter-13 Cobbler Unit Peak State ------------ > --- POWER ------------ Ion Engine > --- PROPULSION ------- VSS Leg Improved Hover Unit Improved Hover Unit > --- UTILITY ---------- Advanced Force Booster Experimental Cloaking Device Wyrmscale Wyrmscale Wyrmscale Thermal Barrier > --- WEAPON ----------- Enhanced Coil Gun CPS Tube > --- INVENTORY -------- Protomatter Cobbler Unit [Rating: 86] Favorites ----------- Power Ion Engine Engine Ion Engine Propulsion Aluminum Leg Leg Aluminum Leg Hover Unit Improved Hover Unit Utility X0-1V1's Piety Tracker Device X0-1V1's Piety Tracker Protection Scrap Shield Weapon Light Assault Rifle Energy Gun Riot Gun Energy Cannon Particle Cannon Ballistic Gun Light Assault Rifle Ballistic Cannon Magnetic Acceleration Cannon Launcher Long-range Missile Launcher Special Weapon CPS Tube Piercing Weapon Makeshift Spear Build | -11 -10 -10 -9 -9 ------- Run | Yrd Mat Sub Rec Scr Slots Evolved 8 | 3 4 1 . . Power . | . . . . . Propulsion 2 | 1 1 . . . Utility 4 | 1 2 1 . . Weapon 2 | 1 1 . . . Parts Attached 29 | 5 9 7 1 7 Power 1 | 1 . . . . Engine 1 | 1 . . . . Core . | . . . . . Reactor . | . . . . . Propulsion 5 | 2 1 . 1 1 Treads . | . . . . . Leg 3 | 2 1 . . . Wheel . | . . . . . Hover 2 | . . . 1 1 Flight . | . . . . . Utility 12 | . 6 3 . 3 Device 6 | . 5 1 . . Storage . | . . . . . Processor . | . . . . . Hackware . | . . . . . Protection 6 | . 1 2 . 3 Artifact . | . . . . . Weapon 11 | 2 2 4 . 3 Energy Gun 3 | . 1 1 . 1 Energy Cannon . | . . . . . Ballistic Gun 6 | 2 1 2 . 1 Ballistic Cannon . | . . . . . Launcher . | . . . . . Special Weapon 1 | . . . . 1 Impact Weapon . | . . . . . Slashing Weapon . | . . . . . Piercing Weapon 1 | . . 1 . . Special Melee Weapon . | . . . . . Unidentified Prototypes 4 | . 1 2 . 1 Corrupted Parts 1 | . . . . 1 System Corruption 8 | . . . . 8 Parts Lost 3 | . . . . 3 Power . | . . . . . Propulsion 1 | . . . . 1 Utility 1 | . . . . 1 Weapon 1 | . . . . 1 Highest Loss Streak 1 | . . . . 1 To Critical Strikes 1 | . . . . 1 Average Backups . | . . . 1 . Power . | . . . . . Propulsion . | . . . . . Utility . | . . . . . Weapon . | . . . 1 . Tool/Special . | . . . . . Unused Backups . | . . . . . Power . | . . . . . Propulsion . | . . . . . Utility . | . . . . . Weapon . | . . . . . Tool/Special . | . . . . . Average Slot Usage (%) 83 | . 79 86 84 84 Engine 9 | . 13 8 8 8 Leg 24 | . 27 25 20 12 Hover 1 | . . . 4 11 Device 22 | . 6 26 34 33 Protection 2 | . 2 3 . 1 Energy Gun 3 | . . 6 1 1 Ballistic Gun 16 | . 27 11 13 13 Peak Build Rating 86 | 5 25 67 71 86 Average Rating 39 | 3 6 48 63 58 On Entrance 32 | . 5 25 67 66 Avg Prop Armor Cover (%) 11 | 20 17 9 3 3 Naked Turns . | . . . . . Heaviest Build 77 | 7 17 52 39 77 Greatest Support 58 | 20 18 58 55 42 Greatest Overweight (x) 2 | . . 2 . 2 Average Overweight (x) . | . . . . . Largest Inventory Capacity 3 | 2 2 2 2 3 Average Capacity 2 | 2 2 2 2 2 Most Carried 3 | . 2 2 2 3 Average Carried 1 | . 1 1 1 1 Final Capacity 3 | 2 2 2 2 3 Final Carried 3 | . 2 2 1 3 Transmogrified Parts 23 | . . 17 6 . Integrity Recovered 58 | . . 17 41 . Class Distribution -------------------- 76% | Mutant 14% | Gunner 5% | Derelict-Gunner 4% | Derelict-Mutant Dominant Class ---------------- Mutant | -10/Materials Mutant | -10/Subcaves Mutant | -9/Recycling Mutant | -9/Scraptown Resources | -11 -10 -10 -9 -9 ----------- Run | Yrd Mat Sub Rec Scr Matter Collected 2518 | 250 446 1028 409 385 Remotely . | . . . . . Salvage Created 1674 | . 1013 167 262 232 Parts 156 | . 82 23 29 22 Haulers Intercepted . | . . . . . Recyclers Shooed . | . . . . . Parts Field Recycled . | . . . . . Retrieved Matter . | . . . . . Parts Self-Destructed 23 | . . 23 . . Prevented 1 | . . 1 . . Parts Restored . | . . . . . Kills | -11 -10 -10 -9 -9 ------- Run | Yrd Mat Sub Rec Scr Combat Hostiles Destroyed 52 | . 30 10 7 5 Guns 50 | . 30 9 6 5 Cannons 2 | . . 1 1 . Classes Destroyed 13 | . 3 3 4 3 Worker 2 | . 1 . . 1 Builder 2 | . . . 2 . Recycler 1 | . . . 1 . Operator 1 | . 1 . . . Turret 2 | . . 2 . . Swarmer 4 | . . 4 . . Grunt 31 | . 30 . 1 . Sentry 4 | . . . 4 . Programmer 2 | . . . 2 . Subdweller 6 | . . 6 . . Guru 1 | . . . . 1 Scrapper 2 | . . . . 2 Elite 2 | . . . . 2 Best Kill Streak 5 | . 5 4 4 3 Combat Bots Only 5 | . 5 4 3 3 Max Kills in Single Turn 2 | . 1 2 2 1 Gunslinging 1 | . . 1 . . Exploded . | . . . . . Melee . | . . . . . Uniques/NPCs Destroyed . | . . . . . Combat | -11 -10 -10 -9 -9 -------- Run | Yrd Mat Sub Rec Scr Hostile Shots Fired 384 | . 111 151 32 90 Missed 128 | . 25 57 11 35 Hits 256 | . 86 94 21 55 Projectile 256 | . 86 94 21 55 Critical Strikes 6 | . 1 . 1 4 Damage Taken 4305 | . 1054 997 361 1893 Core 3336 | . 849 679 305 1503 Absorbed by Shields . | . . . . . Redirected to Core 2573 | . 632 562 191 1188 Regen/Repaired (Parts) 209 | . . . . 209 Core Remaining (%) 100 | 100 . . . . Volleys Fired 179 | . 95 50 24 10 Largest 3 | . 2 3 2 2 Hottest 142 | . 40 142 94 60 Shots Fired 389 | . 190 113 48 38 Gun 376 | . 190 104 44 38 Cannon 8 | . . 4 4 . Launcher 5 | . . 5 . . Special . | . . . . . Kinetic 304 | . 190 61 41 12 Thermal 27 | . . 1 . 26 Explosive 5 | . . 5 . . Electromagnetic 53 | . . 46 7 . Robot Hit Streak 42 | . 22 42 15 16 Robot Miss Streak 8 | . 4 3 2 8 Penetration Max 1 | . . . 1 . Secondary Targets 3 | . . 2 1 . Max Gunslinging Chain 1 | . . 1 1 . Autonomous 26 | . . . . 26 Shots Hit Robots 273 | . 132 74 38 29 Core Hits 135 | . 69 33 13 20 Critical Kills 3 | . 1 . . 2 Critical Parts Destroyed 2 | . 1 . 1 . Critical Strikes 5 | . 2 . 1 2 Destroy 5 | . 2 . 1 2 Melee Attacks 21 | . . 21 . . Impact . | . . . . . Slashing . | . . . . . Piercing 21 | . . 21 . . Sneak Attacks . | . . . . . Combat Hostiles . | . . . . . Follow-up Attacks . | . . . . . Damage Inflicted 4171 | . 1231 1166 1133 641 Guns 3944 | . 1231 1100 972 641 Cannons 166 | . . 35 131 . Explosions 30 | . . . 30 . Melee 31 | . . 31 . . Ramming . | . . . . . Kinetic 3103 | . 1231 615 978 279 Thermal 413 | . . 21 30 362 Explosive . | . . . . . Electromagnetic 624 | . . 499 125 . Impact . | . . . . . Slashing . | . . . . . Piercing 31 | . . 31 . . Highest Corruption 26 | . 19 26 1 8 Average Corruption 18 | . 5 23 1 8 Corruption Purged . | . . . . . Corruption Blocked . | . . . . . Effects 123 | . 2 114 2 5 Message Errors 26 | . 1 24 . 1 Matter Fused 30 | . 1 28 . 1 Heat Flow Errors 15 | . . 14 . 1 Energy Discharges 18 | . . 17 . 1 Parts Rejected 1 | . . 1 . . Parts Fused 2 | . . 2 . . Data Loss (minor) 3 | . . 3 . . Data Loss (major) 6 | . . 4 1 1 Misfires 5 | . . 5 . . Alerts 10 | . . 9 1 . Weapon Failures 7 | . . 7 . . Overload Shots . | . . . . . Overflow Damage . | . . . . . Projectiles . | . . . . . Explosions . | . . . . . Melee . | . . . . . Knockbacks . | . . . . . Impact . | . . . . . Kinetic . | . . . . . Secondary . | . . . . . Self-Inflicted Damage 47 | . . . 47 . Shots 1 | . . . 1 . Rammed . | . . . . . Targets Rammed . | . . . . . Kicked . | . . . . . Crushed . | . . . . . Highest Temperature 201 | . 21 201 . 135 Average Temperature 35 | . 5 65 . 34 Received Heat Transfer 1390 | . 597 312 90 391 Siege Activations . | . . . . . Martial Activations . | . . . . . Shielding Activations . | . . . . . Robots Disrupted . | . . . . . Combat Hostiles . | . . . . . Robots Corrupted 1 | . . 1 . . Combat Hostiles . | . . . . . Parts Fried 1 | . . 1 . . Impact Corruptions . | . . . . . Robots Melted . | . . . . . Combat Hostiles . | . . . . . Parts Melted 1 | . . . . 1 Heat Transferred 686 | . . 37 50 599 Parts Sabotaged . | . . . . . Parts Stolen . | . . . . . Parts Stripped . | . . . . . Power Chain Reactions 1 | . . . 1 . Alert | -11 -10 -10 -9 -9 ------- Run | Yrd Mat Sub Rec Scr Maximum Alert Level 2 | . 2 . 1 . Low Security (%) 45 | 100 57 . 19 . Level 1 37 | . 15 . 80 . Level 2 17 | . 26 . . . Level 3 . | . . . . . Level 4 . | . . . . . Level 5 . | . . . . . High Security . | . . . . . Max Security . | . . . . . Peak Influence 614 | . 614 . 323 . Initial 280 | . . . 280 . Average 241 | . 246 . 245 . Influence Increases 2025 | . 1082 750 193 . Destroy 0b10 Robot/C 860 | . 600 120 140 . Destroy 0b10 Robot/NC 30 | . 10 . 20 . Destroy Leader 140 | . 140 . . . Successful Hack 6 | . 6 . . . Select Force Hacks 310 | . 310 . . . Disable Machine 15 | . . . 15 . Destroy Structure 19 | . 1 . 18 . Partial Spotted 15 | . 15 . . . Lose Combat Pursuer 630 | . . 630 . . Influence Decreases 2025 | . 500 746 640 139 Entered New Map 725 | . . 280 306 139 Time Decay 1300 | . 500 466 334 . Squads Dispatched 11 | . 11 . . . Investigation 11 | . 11 . . . Extermination . | . . . . . Reinforcement . | . . . . . Assault . | . . . . . Garrison . | . . . . . Intercept . | . . . . . Searches Triggered . | . . . . . Construction Impeded . | . . . . . Haulers Reinforced . | . . . . . Active Scanning Responses . | . . . . . Cargo Convoy Interrupts . | . . . . . Stealth | -11 -10 -10 -9 -9 --------- Run | Yrd Mat Sub Rec Scr Distress Signals 4 | . 4 . . . Communications Jammed . | . . . . . Distress Signals . | . . . . . Times Spotted 142 | . 48 49 7 38 Peak Tracking Total 14 | . 5 6 3 14 Tactical Retreats 9 | . . 8 . 1 Traps | -11 -10 -10 -9 -9 ------- Run | Yrd Mat Sub Rec Scr Traps Triggered . | . . . . . Indirectly . | . . . . . Trap Hack Attempts . | . . . . . Triggered . | . . . . . Disarmed . | . . . . . Reprogrammed . | . . . . . Reused . | . . . . . Traps Extracted . | . . . . . Installed . | . . . . . Triggered . | . . . . . Most Traps Carried 2 | . . 2 1 . Machines | -11 -10 -10 -9 -9 ---------- Run | Yrd Mat Sub Rec Scr Machines Disabled 9 | . . 4 1 4 Max in Single Turn 1 | . . 1 1 . Machines Repaired . | . . . . . Machines Dismantled . | . . . . . Machines Sabotaged 5 | . 5 . . . Overloaded Fab Kills . | . . . . . Hacking | -11 -10 -10 -9 -9 --------- Run | Yrd Mat Sub Rec Scr Machines Accessed 11 | . 11 . . . Terminals 8 | . 8 . . . Fabricators . | . . . . . Repair Stations 1 | . 1 . . . Recycling Units 2 | . 2 . . . Scanalyzers . | . . . . . Garrison Access . | . . . . . Total Hacks 22 | . 22 . . . Successful 15 | . 15 . . . Failed 7 | . 7 . . . Catastrophic . | . . . . . Database Lockouts . | . . . . . Manual 22 | . 22 . . . Terminals 19 | . 19 . . . Fabricators . | . . . . . Repair Stations 1 | . 1 . . . Recycling Units 2 | . 2 . . . Scanalyzers . | . . . . . Garrison Access . | . . . . . Terminal Hacks 2 | . 2 . . . Robot Analysis 2 | . 2 . . . Fabricator Hacks . | . . . . . Repair Station Hacks . | . . . . . Recycling Unit Hacks . | . . . . . Scanalyzer . | . . . . . Garrison Access Hacks . | . . . . . Unauthorized Hacks 13 | . 13 . . . Terminals 10 | . 10 . . . Assimilate 2 | . 2 . . . Sabotage 8 | . 8 . . . Fabricators . | . . . . . Repair Stations 1 | . 1 . . . Patch 1 | . 1 . . . Recycling Units 2 | . 2 . . . Tunnel 2 | . 2 . . . Scanalyzers . | . . . . . Garrison Access . | . . . . . Data Cores Recovered 1 | . 1 . . . Used . | . . . . . Hacking Detections 3 | . 3 . . . Full Trace Events . | . . . . . Feedback Events . | . . . . . Feedback Blocked . | . . . . . Robot Schematics Acquired . | . . . . . Robots Built . | . . . . . Authchips . | . . . . . Time . | . . . . . Total Robot Build Rating . | . . . . . Part Schematics Acquired . | . . . . . Parts Built . | . . . . . Authchips . | . . . . . Time . | . . . . . Total Part Build Rating . | . . . . . Part Studies Acquired . | . . . . . Parts Repaired . | . . . . . Time . | . . . . . Parts Recycled . | . . . . . Recycled Matter . | . . . . . Retrieved Matter . | . . . . . Retrieved Components . | . . . . . Parts Scanalyzed . | . . . . . Part Schematics Acquired . | . . . . . Parts Damaged . | . . . . . Bothacking | -11 -10 -10 -9 -9 ------------ Run | Yrd Mat Sub Rec Scr Used RIF Installer . | . . . . . Robots Hacked . | . . . . . Non-combat . | . . . . . Combat . | . . . . . Robot Hacks Applied . | . . . . . Relay Couplers Released . | . . . . . Fabnet Peak Effective % . | . . . . . Robots Rewired . | . . . . . Allies Hacked . | . . . . . Hacks Repelled . | . . . . . Allies | -11 -10 -10 -9 -9 -------- Run | Yrd Mat Sub Rec Scr Total Allies 3 | . 1 1 . 1 Largest Group 2 | . 1 2 . 1 Highest-Rated Group 446 | . 10 95 . 446 Highest-Rated Ally 446 | . 10 85 . 446 Total Orders 7 | . 7 . . . STAY 5 | . 5 . . . FOLLOW 2 | . 2 . . . Ally Attacks 74 | . . 13 . 61 Total Damage 5639 | . . 455 . 5184 Kills 42 | . . 6 . 36 Allies Corrupted . | . . . . . Allies Melted . | . . . . . X0-1V1 Amusement Gains 147 | . 13 36 6 92 Good Acts 17 | . 2 8 6 1 Bad Acts 18 | . 3 14 1 . Intel | -11 -10 -10 -9 -9 ------- Run | Yrd Mat Sub Rec Scr Active Infowar (turns) 127 | . 55 72 . . ECM 127 | . 55 72 . . Robot Analysis Total 2 | . 2 . . . Derelict Logs Recovered 3 | . . 3 . . Drone Launches . | . . . . . Drone Recoveries . | . . . . . Exploration | -11 -10 -10 -9 -9 ------------- Run | Yrd Mat Sub Rec Scr Turns Passed 5014 | 37 1388 2510 744 335 Spaces Moved 3662 | 58 1406 1331 578 289 Core 2349 | 57 1406 886 . . Treads . | . . . . . Legs 1192 | 1 . 445 578 168 Wheels . | . . . . . Hover 121 | . . . . 121 Flight . | . . . . . Fastest Speed 50 | 50 50 50 105 66 Average Speed 82 | 51 50 104 106 94 Slowest Speed 190 | 120 50 190 110 186 Overloaded Moves . | . . . . . Propulsion Burnouts . | . . . . . Robots Hopped . | . . . . . Potential Cave-ins 1 | . . 1 . . Cave-ins Triggered . | . . . . . Exploration Rate (%) 56 | 3 98 65 93 22 Regions Visited 4 Branch Regions 3 Pre-discovered Areas 6 | . 2 4 . . Known Exits Taken 2 | . . 1 1 . Unknown Exits Taken 2 | 1 1 . . . Scrap Searched 8 | . . 8 . . Spaces Dug 38 | . . 38 . . Terrain Destroyed 111 | . . 87 23 1 Melee 1 | . . 1 . . Projectile 18 | . . . 17 1 AOE 92 | . . 86 6 . Terrain Rammed . | . . . . . Walls Destroyed . | . . . . . Machines Disabled . | . . . . . Actions | -11 -10 -10 -9 -9 --------- Run | Yrd Mat Sub Rec Scr Total 5324 | 62 1928 2339 657 338 Wait 1253 | . 362 865 26 . Move 3658 | 57 1405 1330 577 289 Hop . | . . . . . Pick Up 13 | . 6 4 1 2 Fast Attach 21 | 5 6 5 . 5 Attach . | . . . . . Detach 1 | . . . . 1 Swap 16 | . 3 9 1 3 Drop 21 | . 5 11 3 2 Fire 179 | . 95 50 24 10 Melee 21 | . . 21 . . Ram . | . . . . . Kick . | . . . . . Crush . | . . . . . Escape Stasis . | . . . . . Rewire . | . . . . . Trap . | . . . . . Miscellaneous 141 | . 46 44 25 26 Route ------- -11/Scrapyard -10/Materials (discovered 6 exits: [*Mat x3] / [*Min x2] / [*Sub]) -10/Subcaves -9/Recycling (discovered 2 exits: [*Fac] / *Scr) -9/Scraptown History --------- Turn | Location | Event 1 | -11/Scrapyard | Upgraded with Propulsion slot (x1) 1 | -11/Scrapyard | Upgraded with Utility slot (x1) 1 | -11/Scrapyard | Upgraded with Weapon slot (x1) 8 | -11/Scrapyard | Discovered new exit (range 15) 38 | -11/Scrapyard | Entered Materials 65 | -10/Materials | Discovered new exit (range 8) 188 | -10/Materials | Discovered new exit (range 9) 268 | -10/Materials | Discovered new exit (range 15) 280 | -10/Materials | Discovered new exit (range 16) 315 | -10/Materials | Build established: Mutant 483 | -10/Materials | Reached level 2 499 | -10/Materials | Discovered new exit (range 10) 906 | -10/Materials | Reached level 3 1118 | -10/Materials | Reached level 4 1287 | -10/Materials | Discovered new exit (range 8) 1300 | -10/Materials | Prayed at D.C.S.S. Altar Unit 1300 | -10/Materials | Reached level 5 1300 | -10/Materials | Reached level 6 1312 | -10/Materials | X0-1V1 foreshadows a heat wave 1359 | -10/Materials | Upgraded with Propulsion slot (x1) 1359 | -10/Materials | Upgraded with Utility slot (x2) 1359 | -10/Materials | Upgraded with Weapon slot (x1) 1381 | -10/Materials | Ambient heat levels rising (+10) 1414 | -10/Materials | System corruption reached 10% 1426 | -10/Materials | Entered Subcaves 1426 | -10/Subcaves | Accompanied by 1 ally 1427 | -10/Subcaves | Approached by a straggling Scientist 1498 | -10/Subcaves | Disturbed a concealed Subdweller 1506 | -10/Subcaves | X0-1V1 sent allied B-75 Beast (x1) 1542 | -10/Subcaves | Learned location of Zion (-6) 1598 | -10/Subcaves | X0-1V1 tapped a No Entrance sign 1658 | -10/Subcaves | Build established: Gunner 1699 | -10/Subcaves | Ambushed by Subdwellers from Twisted Machinery 1699 | -10/Subcaves | Met a Zionite searching for "candidates" 1726 | -10/Subcaves | Reached level 7 1752 | -10/Subcaves | Lost 3 allies 2325 | -10/Subcaves | Disturbed a concealed Subdweller 2416 | -10/Subcaves | Visited 4L-MR0's lab 2426 | -10/Subcaves | Found Prototype Protection 2426 | -10/Subcaves | Identified Tower Shield 2428 | -10/Subcaves | Attached Tower Shield, gained temporary slots: Power, Propulsion x2, Utility x2, Weapon x2 2432 | -10/Subcaves | Found Prototype Device 2432 | -10/Subcaves | Identified Sfc. Transmogrifier 2512 | -10/Subcaves | Shifting Twisted Machinery released Mak. Spear 2634 | -10/Subcaves | Shifting Twisted Machinery released Scrap Shield 2637 | -10/Subcaves | Shifting Twisted Machinery released Mak. Sword 2832 | -10/Subcaves | X0-1V1 mutated your Weapon slot to Utility slot 3020 | -10/Subcaves | X0-1V1 sent you into danger 3121 | -10/Subcaves | Build established: Mutant 3132 | -10/Subcaves | Upgraded with Utility slot (x1) 3199 | -10/Subcaves | Identified exit to Recycling 3199 | -10/Subcaves | X0-1V1 revealed exit location to -9/Recycling 3572 | -10/Subcaves | X0-1V1 activates XOMVISION 3936 | -10/Subcaves | Entered Recycling 3996 | -9/Recycling | Core integrity fell below 50% 4115 | -9/Recycling | Reached level 8 4304 | -9/Recycling | Discovered new exit (range 16) 4365 | -9/Recycling | X0-1V1 sent you into danger 4637 | -9/Recycling | Identified exit to Scraptown 4637 | -9/Recycling | X0-1V1 revealed exit location to -9/Scraptown 4656 | -9/Recycling | Scanned before Scraplab entrance 4670 | -9/Recycling | Entered Scraplab 4680 | -9/Recycling | Entered Scraptown 4680 | -9/Scraptown | System corruption cleaned by C-Scrubber 4721 | -9/Scraptown | Visited Bundlers 4825 | -9/Scraptown | Visited Shadow of the Wyrm 4832 | -9/Scraptown | X0-1V1 brought Wyrm Statue to life 4832 | -9/Scraptown | Attacked by Scraptown defenders 4875 | -9/Scraptown | Core integrity fell below 20% 4972 | -9/Scraptown | Visited CPS Storage 4991 | -9/Scraptown | Found Prototype Protection 4991 | -9/Scraptown | Identified Wyrmscale 4994 | -9/Scraptown | Found Wyrmscale 4997 | -9/Scraptown | Found Wyrmscale 5015 | -9/Scraptown | Destroyed by Triborg with Siege Cannon Last Messages --------------- 04997_ Acquired Wyrmscale. 04998_ X0-1V1 points here and there (6 item locations revealed). 05000_ Acquired 44 matter. 05001_ System corrupted: Energy discharge (-346). 05001_ Triborg activates siege mode. 05001_ Siege Slug penetrates Wall. 05003_ Penetrated by Siege Slug. 05003_ Knocked back. 05005_ Penetrated by Siege Slug. 05005_ Knocked back. 05005_ Penetrated by Siege Slug. 05007_ Siege Slug penetrates Wall. 05009_ Penetrated by Siege Slug. 05009_ Knocked back. 05009_ Penetrated by Siege Slug. 05011_ Siege Slug penetrates Wall. 05013_ Penetrated by Siege Slug. 05015_ Imp. Hover Unit destroyed. 05015_ Critical hit (Blast). 05015_ X0-1V1 howls with laughter! Map ----- +----------------------------------------------------+ | ?????????????????????????????????????????????????? | | ?????????????????????????????????????????????????? | | ?????????????????????????????????????????????????? | | ?????????????????????????????????????????????????? | | ?????????????????????????????????????????????????? | | ?????????????????????????????????????????????????? | | ?????????????????????????????????????????????????? | | ?????????????????????????????????????????????????? | | ?????????????????????????????????????????????????? | | ?????????????????????????????????????????????????? | | ????????????????????????? ?????????????????????? | | ????????????????????????" "????????????????????? | | ????????????????????????" "????????????????????? | | ???????????????????????? #????????????????????? | | ????????????????????????" #?????#??###????""""?? | | ????????????????????????" #?????# """"#?""""" ? | | ????????????????????????" #?????# ||| #?"" " "" | | ???????????????????????## #?????# """"#?" " | | ???????????????????????#; #?????# || ##" " | | ????????????????????####; #?????# """"##"" | | ????????????????????? #?????# || ##" " | | ?????????????????????? #?????# """"##" " ? | | ??????????????????????#;; #?????# || ##"" ?? | | ??????????????????????#; #?????# #?"" ??? | | ????????????????#####?#;; ########## ##### ##### | | ???????????????"""" ?# %@ | | ????????????#""" """ # | | ???????????!+ """ # !*% | | ????????????#"" " " = [ | | ??????????!!#" ; != % E | | ???????????!#" """ %!* ############### | | ???????????!?? "" !=!%# ##????????????# | | ???????????!#" """ #=%![!#! #????????##### | | ????????????#" !%!=%= #??????""""" # | | ???????????"" " # =!=% # #??????""" | | ????????????"" """" #!%!= # #???? " # | | ?????????????""""""" # !%[ ##???? # | | ?????????????##?#### % ##????"" ?# | | ??????????????####### ##?????? ?# | | ?????????????## !%# #????????"""""??# | | ????????????## %" #???????????????# | | ????????????# % %= !#???????????????# | | ????????????# % ##??????????????# | | ????????????# =%= ! ##??????????????# | | ????????????# ! # = * ##?????????????# | | ????????????# = # %%! ! #????##### ??# | | ????????????## # [[##### % ## | | ?????????????## # # %* ! | | ??????????????##### ## ! = | | ?????????????????## # %%! | +----------------------------------------------------+ Best States ------------- Heat Dissipation 151 Energy Generation 31 Energy Capacity 1450 Matter Stores 900 Matter Capacity 900 Sight Range 20 Terrain Scan Density 10 ECM Strength 1 Armor Coverage 2000 Resistance: KI 30 Evasion (%) 55 Force Boost 40 Item Schematics ----------------- None Robot Schematics ------------------ None Fabricated ------------ Nothing Repaired ---------- Nothing Studied --------- None Alien Tech Used ----------------- None Achievements -------------- Chaos Is Inevitable Challenges ------------ None RPGLIKE | -11 -10 -10 -9 -9 --------- Run | Yrd Mat Sub Rec Scr Levels Raised 7 | . 5 1 1 . XP Earned 14778 | 3000 7835 1425 1802 716 XP Spent 12725 | 3000 7350 1400 . 975 Upgrades 29 | 8 14 1 . 6 Propulsion Slot 2 | 1 1 . . . Utility Slot 4 | 1 2 1 . . Weapon Slot 2 | 1 1 . . . Core Integrity 5 | . . . . 5 Heat Dissipation 6 | 1 5 . . . Mass Support 3 | 2 1 . . . Inventory Capacity 3 | 2 . . . 1 Ranged Accuracy 4 | . 4 . . . Protomatter Created 1069 | . 503 201 185 180 Integrity Restored 2938 | . 913 877 548 600 Core 2405 | . 803 490 512 600 Parts 533 | . 110 387 36 . Protomatter Decayed 428 | . 34 218 . 176 Game ------ Seed ModifiedSpectralMaxwheels Manual? 0 Play Time 00:40:15 Cumulative 638.7 hours Start 2026.07.03 @ 12:50:35 End 2026.07.03 @ 13:30:56 Sessions 1 Manual Loads 0 Difficulty Rogue Special Mode Winter2019/RPGLIKE Game No. 249 Rogue 95 Adventurer 154 Explorer 0 Win Type - Total 21 Types 4/4/4/3/2/1/0/1/1/1 Lore% 95 Gallery% 88 Achievement% 62 Wizard Run 0 Options --------- Layout 0 ASCII 0 Keyboard 0 Movement Numpad Keybinds 0 Fullscreen 2 Font 18/SmallcapsGlow Map View 76x50 Zoom Use 0% Tactical HUD 1 Map Filters NONE Filters NONE Steam 1 RUN: 5831d797-f5c2-4952-9961-c487039de9aa